[Event "*** Titled Tuesday Blitz"]
[Site "Chess.com"]
[Date "2021.04.20"]
[Round "7"]
[White "Anton_Demchenko"]
[Black "Aradhya2000"]
[Result "1-0"]
[WhiteElo "2895"]
[BlackElo "2616"]
[TimeControl "180+1"]
[EndTime "11:19:08 PDT"]
[Termination "Anton_Demchenko won by resignation"]

1. e4 e5 2. Nf3 Nc6 3. Bc4 Nf6 4. d3 Bc5 5. Bg5 h6 6. Bh4 Be7 7. Bg3 d6 8. a4 O-O 9. Nbd2 a5 10. c3 Be6 11.
Bxe6 fxe6 12. O-O Qe8 13. Qb3 Nd8 14. d4 exd4 15. cxd4 Kh8 16. Rac1 c6 17. e5 dxe5 18. Nxe5 Nh5 19. Qd3 Nxg3 20. hxg3 Kg8 21. Rfe1 Bb4 22.
Re2 Bxd2 23. Qxd2 Qe7 24. Ng6 Qf6 25. Nxf8 Qxf8 26. Rce1 Ra6 27. Re3 Qf5 28. Rf3 Qd5 29.
Re5 Qd6 30. Rxa5 Rxa5 31. Qxa5 Qxd4 32. Qc3 Qd1+ 33. Kh2 Qxa4 34. Qa3 Qxa3 35. Rxa3 Kf7 36. g4 e5 37. Kg3 Ke7 38. g5 hxg5 39. Kg4 Kf6 40.
Rf3+ Kg6 41. Rf8 Ne6 42. Rb8 b5 43. Rc8 Nd4 44. Rd8 Kf6 45. Rd6+ Ke7 46. Rg6 Kf7 47. Rxg5 Kf6 48. Rh5 c5 49. f4 Nc6 50. Rh8 exf4 51. Kxf4 Nd4 52. Ke4 Ne6 53. Rb8 b4 54. Rb6 Ke7 55. Ke5 Nc7 56. Rc6 Kd7 57. Rxc5 Na6 58.
Rc4 Ke7 59. g4 Kf7 60. Rc6 Nb8 61. Rd6 Ke7 62. Re6+ Kd7 63. Rg6 Nc6+ 64. Ke4 Na5 65. Rxg7+ Ke6 66. Ra7 Nc4 67. Ra6+ Kf7 68. b3 Nd2+ 69. Kf5 Nxb3 70. Ra7+ Kf8 71. Rb7 Nd4+ 72. Kf6 Ke8 73. Rxb4 Nc6 74. Re4+ Kf8 75. g5 Nd8 76.
Kg6 Nc6 77. Re6 Ne7+ 78. Rxe7 Kxe7 79. Kg7 Ke6 80. g6 Ke7 81. Kg8 Ke8 82. g7 Ke7 83. Kh7 Kf7 84. g8=Q+ Kf6 85. Qg6+ Ke5 86. Qg7+ Ke6 87.
Kh6 Kf5 88. Qg5+ 1-0

[Event "*** Titled Tuesday Blitz"]
[Site "Chess.com"]
[Date "2021.04.20"]
[Round "7"]
[White "deribas12345"]
[Black "Raud100"]
[Result "1-0"]
[WhiteElo "2541"]
[BlackElo "2378"]
[TimeControl "180+1"]
[EndTime "11:19:09 PDT"]
[Termination "deribas12345 won by resignation"]

1. d4 d5 2. c4 c6 3. Nc3 Nf6 4. Nf3 dxc4 5. a4 Bf5 6. e3 e6 7. Bxc4 Bb4 8. O-O O-O 9. Nh4 Bg4 10. Nf3 c5 11. h3 Bh5 12. Be2 Nc6 13. dxc5 Qe7 14.
Nd4 Bg6 15. Nxc6 bxc6 16. Bf3 Rfd8 17. Qb3 Rab8 18. Bxc6 Bxc5 19. Qa2 Bd3 20. Re1 Qc7 21. Bf3 Qb6 22. a5 Qb4 23. a6 Ne4 24. Bxe4 Bxe4 25. Qa4 Bg6 26. Qxb4 Rxb4 27. e4 Rdb8 28. Bf4 Rc8 29. Rac1 h5 30. b3 Bd4 31. Ne2 Rxc1 32.
Rxc1 Bf6 33. Be3 Rxb3 34. Bxa7 Ra3 35. Bd4 Rxa6 36. Bxf6 gxf6 37. f3 e5 38. h4 f5 39.
exf5 Bxf5 40. Rc5 f6 41. Ng3 Bg6 42. Kh2 Kg7 43. Rc7+ Kh6 44. Nf1 Rb6 45. Ne3 Rd6 46.
g4 hxg4 47. fxg4 Rd3 48. Nf1 Be4 49. Rf7 Kg6 50. Rf8 Ra3 51. Kg1 Ra2 52. Ne3 Re2 53. Nc4 Rg2+ 54. Kf1 Rxg4 55. h5+ Kxh5 56. Kf2 Rf4+ 57.
Ke3 Bg6 58. Nd6 Kg5 59. Rg8 Ra4 60. Nf7+ Kh5 61. Rh8+ Kg4 62. Nh6+ Kg5 63. Ng8 Ra3+ 64. Kd2 f5 65. Ne7 Kf6 66. Nd5+ Ke6 67. Nc7+ Kd6 68.
Nb5+ Kd5 69. Nxa3 f4 70. Rh6 Be4 71. Nb5 Bf3 72. Nc3+ Kd4 73. Rh8 e4 74. Rd8+ Ke5 75. Re8+ Kf5 76. Nb5 e3+ 77. Kd3 Bg2 78. Nd4+ Kg4 79.
Rg8+ Kh3 80. Ke2 Kh2 81. Nf5 Kh3 82. Rh8+ Kg4 83. Rg8+ Kxf5 84. Rxg2 Ke4 85. Rg8 f3+ 86. Ke1 Kf4 87. Rd8 Ke4 88. Rf8 f2+ 89. Ke2 Kd4 90. Rf4+ Ke5 91. Rf3 Kd5 92. Rxe3 f1=Q+ 93. Kxf1 Kd4 94.
Ke2 1-0

[Event "*** Titled Tuesday Blitz"]
[Site "Chess.com"]
[Date "2021.04.20"]
[Round "7"]
[White "Margency"]
[Black "ChristopherYoo"]
[Result "0-1"]
[WhiteElo "2712"]
[BlackElo "2883"]
[TimeControl "180+1"]
[EndTime "11:19:10 PDT"]
[Termination "ChristopherYoo won by resignation"]

1. e4 c5 2. Nf3 e6 3. d4 cxd4 4. Nxd4 Nf6 5. Nc3 Qb6 6. Nb3 Bb4 7. Bd3 d6 8. Bd2 O-O 9. O-O Bxc3 10. Bxc3 e5 11. Nd2 Be6 12. Qf3 Nbd7 13. Nc4 Qc6 14. Na5 Qc7 15. Nb3 Nb6 16. Nd2 Na4 17. Nb1 Rac8 18. Bb5 Nxc3 19. Nxc3 Qb6 20. Rab1 a6 21. Bd3 Qa5 22. a3 b5 23. Ne2 Qb6 24. h3 d5 25. Ng3 d4 26. Nh5 Nxh5 27. Qxh5 f6 28. f4 Qd6 29. fxe5 fxe5 30. Rxf8+ Rxf8 31. Rf1 Rc8 32. Rf3 Qc7 33. Kh2 Bf7 34. Qf5 Re8 35.
b4 Be6 36. Qh5 Bf7 37. Qf5 Qe7 38. Qg4 Be6 39. Qg3 Qd6 40. Rf2 Bc4 41. Rf5 g6 42. h4 Kh8 43. Rf3 Kg7 44. Qg5 h6 45. Qg3 Rf8 46. Rxf8 Kxf8 47. Qf2+ Kg8 48. Qg3 Kg7 49.
Qg4 Be6 50. Qg3 Bd7 51. Qf2 g5 52. hxg5 hxg5 53. Kg1 Kg6 54. g3 Be6 55. Qh2 Qf8 56. Be2 Qf6 57. Qh5+ Kg7 58. Qe8 Bc4 59. Qd7+ Kh6 60.
Qh3+ Kg7 61. Qd7+ Kh6 62. Bg4 Qf1+ 63. Kh2 Qf2+ 64. Kh1 Qe1+ 65. Kh2 Qf2+ 66. Kh1 Qxg3 67.
Qd6+ Kg7 68. Qe7+ Bf7 69. Qxg5+ Bg6 70. Qe7+ Kh6 71. Qf8+ Kg5 72. Bf5 Qf3+ 73. Kg1 Bxf5 74. exf5 Qxf5 75. Qg7+ Kf4 76. Kf2 Qxc2+ 77. Ke1 Qc1+ 78.
Ke2 Qe3+ 79. Kd1 Qd3+ 80. Ke1 Qxa3 81. Qh6+ Ke4 82. Qc6+ Kf5 83. Qd7+ Kf4 84. Qf7+ Ke3 85. Kf1 Qc1+ 86. Kg2 Qd2+ 87. Kg3 Kd3 88. Qf5+ e4 89.
Qe6 Qxb4 90. Qxa6 Qc4 91. Kf4 b4 92. Qa1 b3 93. Qf1+ Kc3 94. Qa1+ b2 95. Qe1+ Kc2 96. Qf2+ Kb3 97. Qe1 Qc1+ 0-1

[Event "*** Titled Tuesday Blitz"]
[Site "Chess.com"]
[Date "2021.04.20"]
[Round "7"]
[White "NTBT_DHS"]
[Black "rasmussvane"]
[Result "0-1"]
[WhiteElo "2720"]
[BlackElo "2880"]
[TimeControl "180+1"]
[EndTime "11:19:17 PDT"]
[Termination "rasmussvane won by resignation"]

1. d4 d5 2. c4 e6 3. Nf3 a6 4. g3 dxc4 5. Bg2 b5 6. O-O Bb7 7. a4 Nd7 8. b3 cxb3 9. Qxb3 b4 10. a5 Ngf6 11. Bb2 Be7 12. Nbd2 O-O 13. Rfe1 c5 14. Rad1 Qxa5 15. e4 cxd4 16. Nxd4 Nc5 17.
Qe3 Qa2 18. Rb1 Rfd8 19. N2b3 Na4 20. Ba1 Rac8 21. Na5 Ba8 22. Ndb3 Nc3 23. Rb2 Qa4 24. Qa7 Bf8 25. e5 Nfd5 26. Qxa6 Qb5 27. Bf1 Qxa6 28. Bxa6 Rc7 29. Rd2 Rb8 30. Bf1 h6 31. Nc4 Nb5 32. Bb2 Rbc8 33. Ra1 Nbc3 34. Nd6 Rb8 35. Bg2 Be7 36.
h4 Bc6 37. Ra6 Nb5 38. Rc2 Be8 39. Rxc7 Nbxc7 40. Ra7 Kf8 41. Bd4 Nb5 42. Nxb5 Bxb5 43. Be4 Bc4 44. Na5 Bb5 45. Kg2 Nc3 46. Bf3 Be2 47.
Nc6 Bxf3+ 48. Kxf3 Re8 49. Nxe7 Nb5 50. Ng6+ fxg6 51. Bc5+ Kg8 52. Rb7 Nc3 53. Rxb4 Nd5 54. Rb7 Kh7 55. Kg4 Rc8 56. Bd6 Rc4+ 57. f4 Ne3+ 58.
Kf3 Nf5 59. Bb4 h5 60. Rb6 Rd4 61. Kf2 Rc4 62. Ba5 Ra4 63. Be1 Nd4 64. Rb7 Ra2+ 65. Kf1 Nf5 66. Rb6 Ne3+ 67. Kg1 Rg2+ 68. Kh1 Re2 69. Bb4 Nf5 70. Rxe6 Nxg3+ 71. Kg1 Nf5 72. Re8 Nxh4 73. e6 Re4 74. Bd6 Nf5 75. Be5 h4 76. Kg2 Re2+ 77. Kh3 Re3+ 78. Kh2 g5 79. Rf8 Ne7 80. Rf7 Nd5 81. Rxg7+ Kh6 82. fxg5+ Kh5 83. Bf6 Kg4 84. e7 Re2+ 85. Kg1 h3 86. Rh7 Kg3 87. Kf1 Re4 88. g6 Nxf6 89. Rf7 Ne8 90. Rh7 Rg4 91. g7 Rxg7 92. Rh8 Rxe7 93. Kg1 Rg7 94. Kh1 Re7 95. Rg8+ Kh4 96. Rh8+ Kg4 97. Rg8+ Ng7 98. Rh8 Kg3 0-1

[Event "*** Titled Tuesday Blitz"]
[Site "Chess.com"]
[Date "2021.04.20"]
[Round "7"]
[White "frederiksvane"]
[Black "Salem-AR"]
[Result "1/2-1/2"]
[WhiteElo "2763"]
[BlackElo "2955"]
[TimeControl "180+1"]
[EndTime "11:19:22 PDT"]
[Termination "Game drawn by stalemate"]

1. e4 c6 2. Nf3 d5 3. exd5 cxd5 4. d4 Nc6 5. c3 e6 6. Bd3 Bd6 7. O-O Nge7 8. Re1 f6 9. c4 O-O 10. Nc3 g5 11. h3 Kg7 12. a3 a6 13. b4 Bc7 14.
Be3 dxc4 15. Bxc4 Nd5 16. Rc1 Nce7 17. Qb3 b5 18. Bd3 Nxe3 19. fxe3 Nf5 20. Ne4 Ra7 21. Nc5 Re8 22. Rcd1 h5 23. d5 Qxd5 24. Qxd5 exd5 25. Bxf5 Bxf5 26. Rxd5 Bc8 27. Nd4 Bg3 28.
Re2 Rae7 29. e4 h4 30. Rd2 Kg6 31. Kf1 g4 32. hxg4 Bxg4 33. Rd3 Rxe4 34. Nxe4 Rxe4 35. Nf3 Be6 36. R5d4 Bc4 37. Rxe4 Bxd3+ 38. Re2 Kh5 39.
Nd4 Be5 40. Ne6 Kg4 41. Nc5 Bc4 42. Kf2 Bd4+ 43. Ke1 Bc3+ 44. Kd1 Bxe2+ 45. Kxe2 Bb2 46.
Nxa6 Bxa3 47. Nc7 Kg3 48. Kf1 Bxb4 49. Nxb5 Bc5 50. Nc3 f5 51. Ne2+ Kg4 52. Nc1 Be3 53. Nd3 Kg3 54. Ne5 Bd4 55. Nd3 Ba7 56. Nc1 Bb8 57.
Ne2+ Kg4 58. Nd4 Be5 59. Nf3 Bf6 60. Ne1 Kf4 61. Nd3+ Ke3 62. Nf2 Bd8 63. Nh3 Bc7 64. Ng1 Bg3 65. Nf3 Ke4 66. Ng5+ Kf4 67. Ne6+ Ke3 68.
Ng5 Bf4 69. Nh3 Bd6 70. Ng5 Be7 71. Nh3 f4 72. Ng1 Bd8 73. Nh3 Ke4 74. Ng1 Bb6 75.
Nh3 Kf5 76. Ke2 Kg4 77. Kf1 Kg3 78. Ng5 Ba7 79. Ne4+ Kg4 80. Nf2+ Kf5 81. Nh3 Ke4 82.
Ng5+ Kf5 83. Nf3 Kg4 84. Nd2 Bb6 85. Ne4 f3 86. gxf3+ Kxf3 87. Ng5+ Kf4 88. Kg2 Kxg5 89. Kh1 Kg4 90. Kg2 h3+ 91. Kh1 Kg3 1/2-1/2

[Event "*** Titled Tuesday Blitz"]
[Site "Chess.com"]
[Date "2021.04.20"]
[Round "8"]
[White "FeketeBarika"]
[Black "mamonika"]
[Result "1-0"]
[WhiteElo "2245"]
[BlackElo "2045"]
[TimeControl "180+1"]
[EndTime "11:21:04 PDT"]
[Termination "FeketeBarika won by resignation"]

1. Nf3 Nf6 2. g3 d5 3. Bg2 g6 4. c4 Bg7 5. O-O c5 6. cxd5 Nxd5 7. Nc3 Nxc3 8. bxc3 Nc6 9. Bb2 c4 10. Qa4 Be6 11. Nd4 Bxd4 12. cxd4 Bd5 13. e4 1-0

[Event "*** Titled Tuesday Blitz"]
[Site "Chess.com"]
[Date "2021.04.20"]
[Round "8"]
[White "guillembaches"]
[Black "BahadirOzen"]
[Result "1-0"]
[WhiteElo "2523"]
[BlackElo "2675"]
[TimeControl "180+1"]
[EndTime "11:21:20 PDT"]
[Termination "guillembaches won by resignation"]

1. e4 g6 2. d4 d6 3. Be3 Bg7 4. Qd2 c6 5. f4 Nd7 6. Nf3 Ndf6 7. Nc3 b5 8. e5 b4 9. exf6 bxc3 10. fxg7 cxd2+ 11. Bxd2 1-0

[Event "*** Titled Tuesday Blitz"]
[Site "Chess.com"]
[Date "2021.04.20"]
[Round "8"]
[White "JoachimMouhamad"]
[Black "picturesquecheck"]
[Result "0-1"]
[WhiteElo "2447"]
[BlackElo "2310"]
[TimeControl "180+1"]
[EndTime "11:22:14 PDT"]
[Termination "picturesquecheck won by checkmate"]

1. e4 c5 2. Nf3 Nc6 3. d4 cxd4 4. Nxd4 Nf6 5. Nc3 d6 6. Bg5 e6 7. Qd2 a6 8. O-O-O h6 9. Nxc6 bxc6 10. Bf4 d5 11.
Qe3 Bb4 12. e5 Nd7 13. Be2 Qa5 14. Qg3 Bxc3 15. bxc3 g5 16. Bd2 Qa3+ 17. Kb1 Rb8+ 18. Bb5 Rxb5+ 19. Ka1 Qb2# 0-1

[Event "*** Titled Tuesday Blitz"]
[Site "Chess.com"]
[Date "2021.04.20"]
[Round "8"]
[White "DanielTitichoca"]
[Black "anon481216"]
[Result "1-0"]
[WhiteElo "2318"]
[BlackElo "2538"]
[TimeControl "180+1"]
[EndTime "11:22:53 PDT"]
[Termination "DanielTitichoca won by resignation"]

1. e4 c5 2. Nf3 e6 3. d4 cxd4 4. Nxd4 Nc6 5. Nc3 Qc7 6. Be3 a6 7. a3 Nf6 8. f4 b5 9. e5 Ng8 10. Bd3 f6 11. Qh5+ Kd8 12. Qf7 Nh6 13. Qh5 fxe5 14.
Nxc6+ Qxc6 15. fxe5 Bb7 16. Be4 Qc7 17. O-O-O Kc8 18. Qe8+ Qd8 19. Bxb7+ Kxb7 20. Rxd7+ 1-0

[Event "*** Titled Tuesday Blitz"]
[Site "Chess.com"]
[Date "2021.04.20"]
[Round "8"]
[White "blitzking1729"]
[Black "JAAC2002"]
[Result "1-0"]
[WhiteElo "2653"]
[BlackElo "2523"]
[TimeControl "180+1"]
[EndTime "11:22:56 PDT"]
[Termination "blitzking1729 won by resignation"]

1. Nf3 c5 2. c4 g6 3. g3 Bg7 4.
Bg2 Nc6 5. O-O e6 6. Nc3 Nge7 7. a3 O-O 8. Rb1 a5 9. d3 b6 10. Bd2 d5 11. cxd5 exd5 12. Nb5 Bb7 13. Bf4 Nf5 14. Bc7 Qd7 15. Bxb6 Ncd4 16. Nbxd4 cxd4 17.
b4 axb4 18. Rxb4 Rxa3 19. Bc5 Rfa8 20. Nxd4 Nxd4 21. Bxd4 Bxd4 22. Rxd4 Qe6 23. e3 Ra2 24. Qb3 Rd2 25. Qxb7 1-0

[Event "*** Titled Tuesday Blitz"]
[Site "Chess.com"]
[Date "2021.04.20"]
[Round "8"]
[White "mjray79"]
[Black "Iball95"]
[Result "0-1"]
[WhiteElo "2435"]
[BlackElo "2603"]
[TimeControl "180+1"]
[EndTime "11:22:56 PDT"]
[Termination "Iball95 won by resignation"]

1. d4 e6 2. g3 c5 3. Nf3 cxd4 4. Nxd4 d5 5. Bg2 e5 6. Nb3 Nf6 7. O-O Be7 8. Bg5 Be6 9. Bxf6 Bxf6 10. Nc3 e4 11. Nc5 O-O 12. Nxe6 fxe6 13. f3 Qb6+ 14. Kh1 Qxb2 15. fxe4 Qxc3 16. Rb1 Nc6 17. exd5 exd5 18. Qxd5+ Kh8 19. Rxb7 Rac8 20. Be4 Ne5 21. Rxa7 Qe3 22. Bf5 Qxa7 0-1

[Event "*** Titled Tuesday Blitz"]
[Site "Chess.com"]
[Date "2021.04.20"]
[Round "8"]
[White "beto-betun"]
[Black "lider34"]
[Result "0-1"]
[WhiteElo "2211"]
[BlackElo "2429"]
[TimeControl "180+1"]
[EndTime "11:23:07 PDT"]
[Termination "lider34 won by resignation"]

1. d4 Nf6 2. Nf3 g6 3. g3 Bg7 4.
Bg2 O-O 5. O-O d6 6. c4 c6 7. b3 a5 8. Bb2 a4 9. b4 Bf5 10. a3 Qc8 11. Nbd2 Bh3 12. Re1 Bxg2 13. Kxg2 b5 14.
cxb5 cxb5 15. Rc1 Qb7 16. e4 Nbd7 17. Qe2 Rac8 18. h3 Ne8 19. g4 Nc7 20. Rc2 Ne6 21. Rec1 Nf4+ 0-1

[Event "*** Titled Tuesday Blitz"]
[Site "Chess.com"]
[Date "2021.04.20"]
[Round "8"]
[White "alejanchess73"]
[Black "CraiggoryC"]
[Result "1-0"]
[WhiteElo "2438"]
[BlackElo "2178"]
[TimeControl "180+1"]
[EndTime "11:23:09 PDT"]
[Termination "alejanchess73 won by resignation"]

1. e4 e6 2. d4 d5 3. Nc3 Bb4 4. Ne2 dxe4 5. a3 Be7 6. Nxe4 Nf6 7. Qd3 Nxe4 8. Qxe4 Nd7 9. Bf4 c5 10. O-O-O Nf6 11. Qf3 Qd5 12. Qxd5 Nxd5 13. Bg3 Bd7 14.
dxc5 Bxc5 15. Nd4 Rc8 16. Kb1 f6 17. Nb3 Bb6 18. Bd3 Kf7 19. Rhe1 e5 20. Be4 Bc6 21.
Bxd5+ Bxd5 22. Rxd5 Rhd8 23. Red1 Rxd5 24. Rxd5 1-0

[Event "*** Titled Tuesday Blitz"]
[Site "Chess.com"]
[Date "2021.04.20"]
[Round "8"]
[White "suyu28"]
[Black "Jumbo"]
[Result "0-1"]
[WhiteElo "2606"]
[BlackElo "2798"]
[TimeControl "180+1"]
[EndTime "11:23:20 PDT"]
[Termination "Jumbo won by resignation"]

1. d4 Nf6 2. c4 g6 3. Nf3 Bg7 4. Nc3 O-O 5. e4 d6 6. Be2 e5 7.
O-O Nc6 8. d5 Ne7 9. b4 a5 10.
Ba3 Ne8 11. c5 f5 12. Ng5 fxe4 13. Ngxe4 Nf5 14. Bg4 Bh6 15. Nb5 Rf7 16. Qd3 Bd7 17. cxd6 cxd6 18. bxa5 Qxa5 19. Bxd6 Bxb5 0-1

[Event "*** Titled Tuesday Blitz"]
[Site "Chess.com"]
[Date "2021.04.20"]
[Round "8"]
[White "Fraler15"]
[Black "kritipatel"]
[Result "0-1"]
[WhiteElo "2190"]
[BlackElo "1750"]
[TimeControl "180+1"]
[EndTime "11:23:20 PDT"]
[Termination "kritipatel won by checkmate"]

1. e4 e5 2. Nf3 Nc6 3. Bb5 a6 4. Ba4 Nf6 5. O-O b5 6. Bb3 Bc5 7. d3 d6 8. Bg5 h6 9. Bh4 g5 10.
Bxg5 hxg5 11. Nxg5 Ng4 12. Nxf7 Qh4 13. h3 Nxf2 14.
Rxf2 Qxf2+ 15. Kh1 Bxh3 16. Nxh8 Qxg2# 0-1

[Event "*** Titled Tuesday Blitz"]
[Site "Chess.com"]
[Date "2021.04.20"]
[Round "8"]
[White "UKR_Master"]
[Black "rugbyclub"]
[Result "1-0"]
[WhiteElo "2487"]
[BlackElo "2258"]
[TimeControl "180+1"]
[EndTime "11:23:23 PDT"]
[Termination "UKR_Master won by resignation"]

1. e4 e5 2. Nf3 Nc6 3. Bb5 Nge7 4.
c3 a6 5. Ba4 g6 6. d4 exd4 7.
cxd4 b5 8. Bb3 Bg7 9. d5 Ne5 10.
Nxe5 Bxe5 11. f4 Bg7 12. O-O d6 13. Nc3 O-O 14. Be3 f5 15. e5 Kh8 16. Bd4 b4 17. exd6 Qxd6 18. Ne2 Bb7 19. Bxg7+ Kxg7 20. Qd4+ Kg8 21. Rfd1 Rad8 22. Rac1 Bxd5 23. Bxd5+ Nxd5 24. Rc5 c6 25. Qc4 Rc8 26. Nd4 Qxf4 27. Rxc6 Rxc6 28.
Qxd5+ Kg7 1-0

[Event "*** Titled Tuesday Blitz"]
[Site "Chess.com"]
[Date "2021.04.20"]
[Round "8"]
[White "jraosam"]
[Black "WisdomGame"]
[Result "1-0"]
[WhiteElo "1922"]
[BlackElo "2090"]
[TimeControl "180+1"]
[EndTime "11:23:59 PDT"]
[Termination "jraosam won by checkmate"]

1. c4 Nf6 2. Nc3 e5 3. Nf3 d6 4. e3 Nbd7 5. d4 Be7 6. d5 O-O 7. e4 Ne8 8. Bd3 Nc5 9. Bc2 a5 10. h4 Bg4 11. Be3 g6 12. Qd2 Bxf3 13. gxf3 Bxh4 14.
O-O-O Ng7 15. f4 exf4 16. Bxf4 Bf6 17. Be3 Qe7 18. Rh3 Rfe8 19. Rdh1 h5 20. Bxc5 dxc5 21.
f4 Bd4 22. e5 Rad8 23. Ne4 Kh8 24. Nf6 Rf8 25. f5 Qxe5 26. Qh6# 1-0

[Event "*** Titled Tuesday Blitz"]
[Site "Chess.com"]
[Date "2021.04.20"]
[Round "8"]
[White "adnan_nn"]
[Black "Problematique_99"]
[Result "1-0"]
[WhiteElo "2656"]
[BlackElo "2498"]
[TimeControl "180+1"]
[EndTime "11:24:01 PDT"]
[Termination "adnan_nn won by resignation"]

1. e4 e5 2. Nf3 Nc6 3. Bb5 Nf6 4. O-O Nxe4 5. d4 Nd6 6. dxe5 Nxb5 7. a4 Nbd4 8. Nxd4 Nxd4 9. Qxd4 d5 10. Nc3 Be6 11. b4 a5 12. b5 c5 13. Qd3 Be7 14. f4 d4 15. Ne4 c4 16. Qg3 Qd5 17. Re1 g6 18.
Ba3 Qd8 19. Bxe7 Qxe7 20. Nd6+ Kf8 21. Rad1 d3 22. cxd3 cxd3 23. Qxd3 1-0

[Event "*** Titled Tuesday Blitz"]
[Site "Chess.com"]
[Date "2021.04.20"]
[Round "8"]
[White "chessprincesa1"]
[Black "chessmadara"]
[Result "1-0"]
[WhiteElo "2320"]
[BlackElo "2177"]
[TimeControl "180+1"]
[EndTime "11:24:05 PDT"]
[Termination "chessprincesa1 won by resignation"]

1. d4 Nf6 2. c4 c5 3. d5 e6 4. Nc3 exd5 5. cxd5 d6 6. e4 g6 7. h3 Bg7 8. Nf3 O-O 9. Bd3 Re8 10. a4 Na6 11. O-O Nc7 12. Bf4 a6 13. Bh2 b5 14. axb5 axb5 15. Rxa8 Nxa8 16. Bxb5 Re7 17. e5 dxe5 18. d6 Ra7 19. Nxe5 Bb7 20. Qb3 Nb6 21. Qxf7+ Kh8 22. Re1 Qxd6 23. Nxg6+ 1-0

[Event "*** Titled Tuesday Blitz"]
[Site "Chess.com"]
[Date "2021.04.20"]
[Round "8"]
[White "TeukkaSalama"]
[Black "BashirliSaadat"]
[Result "1-0"]
[WhiteElo "2377"]
[BlackElo "2193"]
[TimeControl "180+1"]
[EndTime "11:24:13 PDT"]
[Termination "TeukkaSalama won by checkmate"]

1. d4 d5 2. Bf4 Nf6 3. e3 e6 4.
Nf3 c5 5. c3 Nc6 6. Nbd2 c4 7.
b3 b5 8. a4 bxa4 9. bxc4 a3 10.
c5 Qa5 11. Qb3 Be7 12. Rxa3 Qd8 13. Bb5 Bb7 14. Ne5 Qc8 15. Qa4 a6 16. Bxc6+ Bxc6 17. Qxc6+ Qxc6 18. Nxc6 Bd8 19. Nxd8 Rxd8 20. O-O O-O 21.
Rxa6 Nd7 22. Rfa1 Rc8 23. Bd6 Rfe8 24. f4 f6 25. Ra7 Nf8 26. Bxf8 Rxf8 27. Re7 Rce8 28.
Raa7 Rxe7 29. Rxe7 Ra8 30. Rxe6 Ra1+ 31. Kf2 Ra2 32. Ke2 Rc2 33. Kd3 Ra2 34. Rd6 Ra8 35.
Rxd5 Rc8 36. Rd7 Re8 37. Ne4 Rc8 38. Nd6 Rf8 39. Re7 Rb8 40. Re8+ Rxe8 41. Nxe8 Kf7 42. Nd6+ Ke7 43. g4 Kd7 44. h4 Kc6 45. Ke4 Kd7 46.
g5 fxg5 47. fxg5 g6 48. Ke5 Ke7 49. c6 Kd8 50. d5 Kc7 51. c4 Kd8 52. c5 Kc7 53.
Nb5+ Kd8 54. d6 Kc8 55. d7+ Kd8 56. Kd6 h6 57. c7# 1-0

[Event "*** Titled Tuesday Blitz"]
[Site "Chess.com"]
[Date "2021.04.20"]
[Round "8"]
[White "SmoothAsAHedgehog"]
[Black "Anton_Demchenko"]
[Result "0-1"]
[WhiteElo "2676"]
[BlackElo "2899"]
[TimeControl "180+1"]
[EndTime "11:24:15 PDT"]
[Termination "Anton_Demchenko won by resignation"]

1. e4 e5 2. Nf3 Nc6 3. Bc4 Nf6 4. d3 h6 5. c3 d6 6. Bb3 g6 7. Nbd2 Bg7 8. O-O O-O 9. Re1 Kh8 10. Nf1 Nh7 11.
Bc2 f5 12. d4 f4 13. dxe5 Nxe5 14. Nxe5 Bxe5 15. Nd2 Qe7 16. Nc4 Be6 17. Nxe5 dxe5 18. b3 Rad8 19. Qe2 f3 20. gxf3 Ng5 21. Be3 Nxf3+ 22.
Kg2 Qh4 23. Qxf3 Rxf3 0-1

[Event "*** Titled Tuesday Blitz"]
[Site "Chess.com"]
[Date "2021.04.20"]
[Round "8"]
[White "Klavdia_Nik"]
[Black "Alliswell998"]
[Result "0-1"]
[WhiteElo "2035"]
[BlackElo "2633"]
[TimeControl "180+1"]
[EndTime "11:24:20 PDT"]
[Termination "Alliswell998 won on time"]

1. Nf3 c5 2. c4 b6 3. g3 e6 4.
Bg2 Bb7 5. O-O Nf6 6. d4 cxd4 7. Qxd4 Be7 8. Nc3 d6 9. b3 a6 10. Ba3 O-O 11. Rfd1 Ne8 12. Rac1 Nd7 13. e4 Qc7 14. Qe3 Nc5 15. Nd4 Nf6 16. f3 Rac8 17. g4 Rfe8 18. Nde2 Qb8 19. Ng3 Bf8 20. Bb2 Ba8 21. Rd2 b5 22.
Bf1 bxc4 23. Bxc4 d5 0-1

[Event "*** Titled Tuesday Blitz"]
[Site "Chess.com"]
[Date "2021.04.20"]
[Round "8"]
[White "WcmDominicToretto"]
[Black "WinstonSilvakov"]
[Result "0-1"]
[WhiteElo "1887"]
[BlackElo "2080"]
[TimeControl "180+1"]
[EndTime "11:24:21 PDT"]
[Termination "WinstonSilvakov won by resignation"]

1. e4 Nf6 2. Nc3 d5 3. exd5 Nxd5 4. Nxd5 Qxd5 5. d4 g6 6. Nf3 Bg7 7. Be3 O-O 8. Be2 c5 9. O-O cxd4 10. Bxd4 Nc6 11. Bxg7 Qxd1 12. Raxd1 Kxg7 13. Bb5 Be6 14. Bxc6 bxc6 15. a3 Rab8 16. b4 a5 17. Nd4 Bc4 18. Rfe1 axb4 19. Nxc6 bxa3 20. Nxb8 Rxb8 21. Rxe7 a2 22.
Ra7 Rb1 23. h3 Rxd1+ 0-1

[Event "*** Titled Tuesday Blitz"]
[Site "Chess.com"]
[Date "2021.04.20"]
[Round "8"]
[White "energie73"]
[Black "AungTZ"]
[Result "1-0"]
[WhiteElo "2346"]
[BlackElo "2148"]
[TimeControl "180+1"]
[EndTime "11:24:35 PDT"]
[Termination "energie73 won on time"]

1. d4 Nf6 2. Bf4 e6 3. Nd2 d5 4. e3 Be7 5. Bd3 O-O 6. Ngf3 c5 7. c3 Nc6 8. Qe2 b6 9. Rd1 Bb7 10. e4 dxe4 11. Nxe4 cxd4 12. Nfg5 h6 13. Nxf6+ Bxf6 14. Qe4 g6 15. Nxe6 fxe6 16. Qxg6+ Bg7 17. Qh7+ Kf7 18.
Bg6+ Kf6 19. Bg3 Qd7 20. Bh5 Ne5 21. cxd4 Kg5 22. Bxe5 Kxh5 23. g4+ Kg5 24. h3 1-0

[Event "*** Titled Tuesday Blitz"]
[Site "Chess.com"]
[Date "2021.04.20"]
[Round "8"]
[White "misterlamine"]
[Black "aljado"]
[Result "1-0"]
[WhiteElo "2253"]
[BlackElo "2050"]
[TimeControl "180+1"]
[EndTime "11:24:35 PDT"]
[Termination "misterlamine won by resignation"]

1. d4 Nf6 2. c4 g6 3. Nc3 d5 4. Nf3 Bg7 5. Bg5 Ne4 6. Bh4 Nxc3 7. bxc3 O-O 8. e3 c5 9. Be2 cxd4 10. cxd4 Bg4 11. O-O Nc6 12. h3 Bf5 13. Qb3 Na5 14. Qa3 Re8 15. cxd5 Qxd5 16. Rfc1 Nc6 17. Rc5 Qd7 18.
Bb5 Bf8 19. Ne5 Qd8 20. Nxc6 bxc6 21. Bxc6 Rc8 22. Bxe8 Qxe8 23. Rxc8 Qxc8 24. Bxe7 Bg7 25. Rc1 Qb7 26. Qd6 h5 27. Qd8+ Kh7 28. Bf6 Qb2 29.
Rc7 Qb6 30. Rxf7 1-0

[Event "*** Titled Tuesday Blitz"]
[Site "Chess.com"]
[Date "2021.04.20"]
[Round "8"]
[White "woodhy"]
[Black "Goryachkina"]
[Result "0-1"]
[WhiteElo "2491"]
[BlackElo "2646"]
[TimeControl "180+1"]
[EndTime "11:24:37 PDT"]
[Termination "Goryachkina won by resignation"]

1. e4 c5 2. Nf3 e6 3. d4 cxd4 4.
Nxd4 a6 5. c4 Nf6 6. Nc3 Bb4 7.
Bd3 Nc6 8. Ne2 d6 9. O-O O-O 10. a3 Bc5 11. b4 Ba7 12. Bb2 Ne5 13. Rc1 Bd7 14. h3 Rc8 15. Na2 Ba4 16. Qd2 Bb3 17. Bxe5 dxe5 18. Rc3 Nxe4 19. Qc1 Nxc3 20. Qxc3 Bxa2 21. Nc1 Bxc4 22. Bxc4 b5 0-1

[Event "*** Titled Tuesday Blitz"]
[Site "Chess.com"]
[Date "2021.04.20"]
[Round "8"]
[White "Susal_De_Silva"]
[Black "NTBT_DHS"]
[Result "0-1"]
[WhiteElo "2589"]
[BlackElo "2725"]
[TimeControl "180+1"]
[EndTime "11:24:42 PDT"]
[Termination "NTBT_DHS won by resignation"]

1. e4 g6 2. d4 Bg7 3. Nf3 d6 4. Bd3 Nf6 5. O-O O-O 6. Re1 Nc6 7. h3 e5 8. c3 Bd7 9. Bg5 h6 10. Bh4 g5 11. Bg3 Nh5 12. Nxe5 Nxe5 13. Bxe5 dxe5 14.
Qxh5 exd4 15. e5 Be6 16. c4 f5 17. Nd2 Qe7 18. g4 Bf7 19. Qxf7+ Rxf7 20. gxf5 Raf8 21. f6 Bxf6 22. exf6 Qxf6 23. Re2 Re7 24. Rae1 Rfe8 25. Ne4 Qf3 26. Bb1 d3 27. Re3 d2 28. Nxd2 Rxe3 29.
Rxe3 Qd1+ 0-1